General information
			
			
        
        - name: grudge
 
        - type: Ladder 1vs1/FFA
 
        - host: NADMaN
 
        - saver: BEAR_AND
 
        
map: MeltingValley 
        - players: 8
 
        - length: 17:32
 
        - speed: Fast
 - version: 1.22 W3XP
 - replay type:  

 
» download(144 KB)
Players
        team 1 (winner) 
              
              
» 
timg4strok (
blue | 220 APM | 3856 actions | 17:31)
              
 5 Blademaster 
 2 Wind Walk
 3 Critical Strike
 4 Shadow Hunter 
 2 Hex
 2 Healing Wave
 
                » actions 
                
                | Assign group hotkey | 31 |  | 
| Basic commands | 74 |  | 
| Build / train | 66 |  | 
| ESC pressed | 3 |  | 
| Enter build submenu | 18 |  | 
| Enter hero's abilities submenu | 10 |  | 
| Give item / drop item | 3 |  | 
| Right click | 1751 |  | 
| Select / deselect | 387 |  | 
| Select group hotkey | 1397 |  | 
| Use ability | 116 |  | 
                3856 total
 » units 
                
                | Peon | 11 |  | 
| Grunt | 9 |  | 
| Spirit Walker | 6 |  | 
| Raider | 3 |  | 
| Troll Batrider | 1 |  | 
| Kodo Beast | 1 |  | 
                31 total
 » upgrades
                
                | Berserker Strength | 1 |  | 
| Spirit Walker Training | 1 |  | 
| Ensnare | 1 |  | 
                3 total
 » buildings
                
                | Altar of Storms | 1 |  | 
| Orc Burrow | 5 |  | 
| Barracks | 1 |  | 
| Voodoo Lounge | 1 |  | 
| Stronghold | 3 |  | 
| Spirit Lodge | 1 |  | 
| Beastiary | 3 |  | 
| Great Hall | 1 |  | 
| Fortress | 1 |  | 
| War Mill | 1 |  | 
                18 total
 » build order
                00:05 Altar of Storms
00:17 Orc Burrow
00:35 Barracks
01:34 Orc Burrow
01:52 Voodoo Lounge
02:47 Stronghold
02:47 Stronghold
02:47 Stronghold
03:14 Orc Burrow
05:16 Spirit Lodge
06:01 Beastiary
06:21 Orc Burrow
07:01 Beastiary
08:37 Orc Burrow
10:37 Great Hall
11:52 Beastiary
14:09 Fortress
14:11 War Mill
» items
                
                | Healing Salve | 5 |  | 
| Lesser Clarity Potion | 5 |  | 
| Scroll of Town Portal | 2 |  | 
| Scroll of Speed | 1 |  | 
| Orb of Lightning | 1 |  | 
| Potion of Mana | 1 |  | 
| Potion of Healing | 1 |  | 
                16 total
  
               team 2 (loser) 
              
              
p.rower (
gray | 193 APM | 3385 actions | 17:31)
              
 3 Archmage 
 2 Summon Water Elemental
 1 Brilliance Aura
 2 Naga Sea Witch 
 1 Frost Arrows
 1 Forked Lightning
 
                » actions 
                
                | Assign group hotkey | 91 |  | 
| Basic commands | 67 |  | 
| Build / train | 77 |  | 
| Enter build submenu | 38 |  | 
| Enter hero's abilities submenu | 5 |  | 
| Give item / drop item | 1 |  | 
| Remove unit from queue | 1 |  | 
| Right click | 1643 |  | 
| Select / deselect | 555 |  | 
| Select group hotkey | 735 |  | 
| Use ability | 172 |  | 
                3385 total
 » units 
                
                | Peasant | 17 |  | 
| Footman | 13 |  | 
| Sorceress | 9 |  | 
                39 total
 » buildings
                
                | Altar of Kings | 1 |  | 
| Barracks | 1 |  | 
| Farm | 9 |  | 
| Scout Tower | 17 |  | 
| Arcane Tower | 2 |  | 
| Keep | 3 |  | 
| Lumber Mill | 1 |  | 
| Arcane Vault | 2 |  | 
| Guard Tower | 15 |  | 
| Arcane Sanctum | 2 |  | 
                53 total
 » build order
                00:04 Altar of Kings
00:18 Barracks
00:32 Farm
01:03 Farm
01:33 Farm
01:34 Farm
02:18 Scout Tower
02:47 Arcane Tower
02:47 Arcane Tower
03:09 Keep
03:09 Keep
03:09 Keep
03:20 Lumber Mill
03:46 Arcane Vault
03:48 Arcane Vault
04:21 Farm
05:15 Farm
05:22 Farm
06:25 Farm
06:38 Scout Tower
06:39 Scout Tower
06:40 Scout Tower
06:41 Scout Tower
07:11 Guard Tower
07:11 Guard Tower
07:11 Guard Tower
07:12 Scout Tower
07:13 Scout Tower
07:13 Scout Tower
07:16 Scout Tower
07:41 Guard Tower
07:42 Guard Tower
08:15 Guard Tower
08:16 Guard Tower
08:16 Guard Tower
08:16 Scout Tower
08:36 Guard Tower
08:36 Guard Tower
09:22 Arcane Sanctum
10:04 Arcane Sanctum
11:36 Farm
13:16 Scout Tower
13:17 Scout Tower
13:18 Scout Tower
15:30 Scout Tower
15:31 Scout Tower
15:34 Scout Tower
15:40 Scout Tower
16:00 Guard Tower
16:00 Guard Tower
16:00 Guard Tower
16:26 Guard Tower
16:26 Guard Tower
» items
                
                | Scroll of Regeneration | 2 |  | 
| Lesser Clarity Potion | 2 |  | 
| Potion of Healing | 3 |  | 
| Dust of Appearance | 1 |  | 
| Potion of Lesser Invulnerability | 1 |  | 
                9 total
  
               observersNADMaN, 
bLinn, 
iggy_the_fisk, 
Gobiner, 
Mata., 
BEAR_AND Chat log
          (00:07 / All) timg4strok: this such a hu map
(00:10 / All) p.rower: ne
(00:12 / All) timg4strok: gl hf
(00:22 / All) p.rower: jk orc
(00:23 / All) p.rower: I'm hacking
(00:28 / All) timg4strok: damn u................
(00:41 / Observers) NADMaN: early rax
(00:56 / Observers) timg4strok: seriously is he.
(00:57 / Observers) NADMaN: shoulda been after 5 on mine
(01:10 / Observers) BEAR_AND: tim speaking to obs
(01:12 / Observers) BEAR_AND: haha
(01:22 / All) timg4strok: i beat a hu once on this map
(01:22 / Observers) BEAR_AND: blade vs am
(01:31 / All) timg4strok: did the ol grubby wwi strat...hope you know what that is.
(02:10 / Observers) BEAR_AND: map too big for that
(02:25 / Observers) Gobiner: what is it
(02:31 / Observers) BEAR_AND: wghat is what
(02:39 / Observers) Gobiner: the grubby wwi strat
(02:44 / Observers) BEAR_AND: blade sh alch
(03:00 / Observers) BEAR_AND: wait no
(03:04 / Observers) BEAR_AND: blade stompchief alch?
(03:13 / Observers) NADMaN: stomp is hella awesome
(03:15 / Observers) BEAR_AND: this game is sebhorrhea
(03:28 / Observers) NADMaN: ?
(03:31 / Observers) BEAR_AND: preemptive repair
(03:31 / Observers) Gobiner: haha
(03:33 / Observers) Gobiner: nice
(03:54 / Observers) BEAR_AND: looks like prower settign up for a t2 push
(03:56 / Observers) BEAR_AND: sky's push maybe
(03:58 / Observers) BEAR_AND: mill
(04:10 / Observers) BEAR_AND: sky's PPPush
(04:14 / Observers) BEAR_AND: grunt surr
(04:17 / All) timg4strok: nice you learn from me
(04:19 / Observers) BEAR_AND: lmao
(04:24 / Observers) NADMaN: prower up 30 xp
(04:30 / Observers) NADMaN: 40 ;(
(04:40 / Observers) BEAR_AND: timg winning tech race
(04:52 / Observers) Gobiner: how much xp do 2 food units give
(04:55 / Observers) BEAR_AND: 40
(05:00 / Observers) NADMaN: shhiiit
(05:10 / Observers) NADMaN: shoulda denied
(05:11 / All) timg4strok: fuck you
(05:11 / Observers) BEAR_AND: which is why the old yad exp was fucked
(05:12 / Observers) NADMaN: grunt
(05:18 / Observers) BEAR_AND: they gave 40xp even though they were t2 3food
(05:21 / Observers) Gobiner: how much for 3 food?
(05:24 / Observers) BEAR_AND: 60
(05:34 / Observers) iggy_the_fisk: not sure what the grunts are even doing there
(05:34 / Observers) BEAR_AND: tanks give 3food exp for being 4food iirc
(05:45 / Observers) Gobiner: human imba
(05:55 / Observers) Mata.: you sure tanks arent 3 food?
(05:58 / Observers) Mata.: i dont remember
(06:01 / Observers) NADMaN: no beast?
(06:08 / Observers) BEAR_AND: no you're right they're 3food
(06:11 / Observers) NADMaN: no beastiary
(06:12 / Observers) BEAR_AND: they also give 2food exp
(06:15 / Observers) NADMaN: just now
(06:15 / Observers) BEAR_AND: here's tower rush
(06:17 / Observers) BEAR_AND: push
(06:23 / Observers) BEAR_AND: naga
(06:28 / Observers) NADMaN: what
(06:30 / Observers) NADMaN: da heck
(06:30 / Observers) Mata.: tower rush before sorc again
(06:49 / Observers) NADMaN: owwww
(07:10 / Observers) NADMaN: chasing a hero with the towers in his base
(07:14 / Observers) Mata.: where that blade goin you know
(07:35 / Observers) Mata.: repair rate pulling through for the timbo
(07:55 / Observers) Mata.: hes doing well now though
(08:00 / Observers) NADMaN: ya
(08:07 / Observers) Mata.: big ol turne arounde
(08:10 / Observers) iggy_the_fisk: can kill am
(08:17 / Observers) NADMaN: hexed a peasent
(08:35 / Observers) NADMaN: 2nd walker
(08:39 / Observers) Gobiner: idle walker
(08:40 / Observers) Mata.: dude only level 1 
(08:41 / Observers) Mata.: is fine
(08:47 / Observers) Mata.: naga back alive
(08:56 / Observers) NADMaN: mega resource
(09:03 / Observers) BEAR_AND: timg countering pretty well
(09:07 / Observers) NADMaN: tp
(09:08 / Observers) NADMaN: tp
(09:08 / Observers) Mata.: tp
(09:09 / Observers) Gobiner: walker owned
(09:16 / Observers) NADMaN: levl
(09:28 / Observers) BEAR_AND: he retreat
(09:28 / Observers) NADMaN: prower
(09:30 / Observers) NADMaN: aint got shit
(09:40 / Observers) BEAR_AND: btw hopefully someone saved g2 cause i don't think my replay saved did but idk for sure
(09:50 / Observers) NADMaN: i did
(09:54 / Observers) BEAR_AND: sweet
(09:58 / Observers) iggy_the_fisk: autosev
(10:01 / Observers) iggy_the_fisk: i am living the future
(10:02 / Observers) iggy_the_fisk: today
(10:07 / Observers) NADMaN: level 3 am
(10:19 / Observers) NADMaN: mega ogre
(10:20 / Observers) BEAR_AND: we peeked out our heads
(10:21 / Observers) BEAR_AND: from a burrow
(10:35 / Observers) iggy_the_fisk: a patented timg reed
(10:38 / Observers) iggy_the_fisk: on the creeps
(10:47 / Observers) NADMaN: expo
(10:48 / Observers) BEAR_AND: now we gonna
(10:50 / Observers) BEAR_AND: timg make a spo
(10:51 / Observers) iggy_the_fisk: gets priest to 5 hp then switches target
(10:57 / Observers) BEAR_AND: he did
(11:13 / Observers) NADMaN: walkers are so sweet
(11:15 / Observers) BEAR_AND: this a sweet singcast
(11:20 / Observers) NADMaN: si
(11:22 / Observers) NADMaN: '
(11:32 / Observers) BEAR_AND: lmao
(11:41 / Observers) Mata.: tower rush partita 2
(11:43 / Observers) NADMaN: really close to l3 sh
(11:44 / Observers) Mata.: this time with sorcs
(11:44 / Observers) BEAR_AND: HEre we go again
(11:47 / Observers) NADMaN: with sorcs
(11:50 / Observers) Mata.: and the entire lumber task force
(11:53 / Observers) BEAR_AND: sorcs vs orcs
(11:55 / Observers) Mata.: timg early warning finde ite
(12:02 / Observers) NADMaN: sh..
(12:02 / Observers) BEAR_AND: sh getting woned
(12:04 / Observers) Mata.: sh goin down
(12:08 / Observers) Mata.: neva mind
(12:13 / Observers) NADMaN: naga down
(12:14 / Observers) Mata.: naga takin hurt
(12:15 / Observers) NADMaN: dang
(12:16 / Observers) NADMaN: dang
(12:23 / Observers) iggy_the_fisk: he never keeps sh separate
(12:25 / Observers) Mata.: both second heroes down
(12:29 / Observers) NADMaN: disp
(12:30 / Observers) iggy_the_fisk: you can see him move away
(12:32 / Observers) BEAR_AND: DISHECHAT
(12:34 / Observers) Gobiner: idle walker
(12:35 / Observers) iggy_the_fisk: then he attackclicks something else
(12:37 / Observers) iggy_the_fisk: and sh goes back
(12:37 / Observers) Mata.: dench noob
(12:39 / Observers) BEAR_AND: so much slow
(12:41 / Observers) NADMaN: tp :(
(12:41 / Observers) BEAR_AND: owning him
(12:45 / Observers) Mata.: no mana
(12:49 / All) timg4strok: i clicked tp before ugh
(12:55 / Observers) BEAR_AND: 700gold tim
(12:58 / Observers) NADMaN: get salve bro
(13:11 / Observers) Mata.: no blinn
(13:11 / Observers) Mata.: you aint 
(13:12 / Observers) BEAR_AND: yeah you're almost 18
(13:23 / Observers) Gobiner: great expo
(13:25 / Observers) Gobiner: 1 peasant
(13:41 / Observers) iggy_the_fisk: go am if you're gonna
(13:46 / Observers) Mata.: noice
(13:47 / Observers) NADMaN: tp
(13:48 / Observers) NADMaN: dang
(13:48 / Observers) BEAR_AND: swig
(13:56 / Observers) NADMaN: with the 
(13:58 / Observers) NADMaN: expo
(14:02 / Observers) Mata.: yeah
(14:03 / Observers) NADMaN: lol
(14:03 / Observers) BEAR_AND: will there be a third
(14:06 / Observers) BEAR_AND: rofl
(14:07 / Observers) Mata.: sorcs havin a party
(14:09 / Observers) NADMaN: 7 sorcs
(14:10 / Observers) NADMaN: sheesh
(14:11 / Observers) BEAR_AND: 4 sorcs chilling
(14:14 / Observers) BEAR_AND: welivetogether.com
(14:15 / Observers) iggy_the_fisk: he realizes too late...
(14:16 / Observers) NADMaN: shhiiit
(14:19 / Observers) Mata.: sorcs chillin
(14:28 / Observers) BEAR_AND: how do u know that blin.....
(14:33 / Observers) Mata.: hmmmmMMM
(14:40 / Observers) NADMaN: another
(14:41 / Observers) NADMaN: tower
(14:42 / Observers) NADMaN: push
(14:51 / Observers) BEAR_AND: a lil creep first
(14:56 / Observers) BEAR_AND: no buying invuln
(15:04 / Observers) BEAR_AND: fravorite key
(15:04 / Observers) NADMaN: woo
(15:06 / Observers) Mata.: toxp
(15:11 / Observers) NADMaN: soh
(15:11 / Observers) BEAR_AND: yes
(15:12 / Observers) NADMaN: is what
(15:14 / Observers) NADMaN: he should get
(15:17 / Observers) Mata.: these peasants
(15:21 / Observers) Mata.: have been around the map
(15:22 / Observers) Mata.: 3x
(15:26 / Observers) BEAR_AND: misclick?
(15:38 / Observers) NADMaN: beast dies
(15:44 / Observers) iggy_the_fisk: make a pult
(15:46 / Observers) BEAR_AND: bats kind of counter sorc a lil
(16:02 / Observers) BEAR_AND: no food for cata
(16:09 / Observers) Mata.: smartcow 
(16:11 / Observers) Mata.: is queued up
(16:12 / Observers) BEAR_AND: focus on tojara
(16:16 / Observers) NADMaN: tp
(16:18 / Observers) NADMaN: wooo
(16:18 / Observers) Mata.: tp blade pleaze
(16:21 / Observers) NADMaN: link
(16:21 / Observers) NADMaN: and heal
(16:23 / Observers) Mata.: dang prooo
(16:24 / Observers) BEAR_AND: AM DOWN
(16:24 / Observers) Mata.: gg
(16:25 / Observers) iggy_the_fisk: he fine
(16:28 / Observers) NADMaN: ggg
(16:28 / Observers) iggy_the_fisk: no dps left for prow
(16:29 / Observers) BEAR_AND: NAGA 
(16:41 / Observers) Mata.: tower going up in the back
(16:47 / Observers) NADMaN: shiiit
(16:47 / Observers) Mata.: this is a worthy third match
(16:47 / Observers) NADMaN: topwers
(16:49 / Observers) NADMaN: almost up
(16:51 / Observers) BEAR_AND: towers up
(16:58 / Observers) BEAR_AND: sorcs owning orcs
(16:58 / Observers) NADMaN: link
(16:59 / Observers) Mata.: smartcows rock towers luckily
(17:17 / Observers) BEAR_AND: well 20magic dmg pretty good
(17:23 / Observers) BEAR_AND: bye naga
(17:25 / Observers) Mata.: noice
(17:26 / All) p.rower: ah yes right click on heroes
(17:26 / Observers) Gobiner: 19-24
(17:26 / Observers) iggy_the_fisk: level 0 masonry yeow
(17:28 / All) p.rower: the proest of strats
(17:28 / All) p.rower: gg
(17:29 / Observers) Mata.: and everytyhing
(17:29 / All) timg4strok: gg
(17:30 / Observers) Mata.: gg